Map: Cyber Forest LE

Players

암규야왜사니 - Winner!

  • Race: Protoss Protoss
  • League: Diamond
  • Spawn Location: 5:00

세토카이바

  • Race: Zerg Zerg
  • League: Diamond
  • Spawn Location: 11:00

VOD

Have the link to the VOD?

Description

Time

  • Played on: July 16, 2019, 4:30 a.m.
  • Length: 7:42
Show
View Real Time Build Order
Export as new Build Order

암규야왜사니 Protoss - Winner!

Build Orders: Colossus Rush 

Get SALT Encoding   

  12  0:01  Probe  
  13  0:13  Probe  
  14  0:19  Pylon  
  14  0:25  Probe  
  15  0:33  Probe  
  15  0:39  Gateway  
  16  0:45  Probe  
  16  0:47  Assimilator  
  17  0:58  Probe  
  18  1:06  Gateway  
  18  1:11  Probe  
  19  1:18  Zealot  
  19  1:32  Cybernetics Core  
  20  1:33  Pylon  
  20  1:44  Zealot  
  22  1:48  Probe  
  23  1:56  Assimilator  
  23  2:00  Probe  
  24  2:13  Sentry  
  28  2:16  Probe  
  28  2:18  Warp Gate  
  29  2:25  Probe  
  28  2:47  Nexus  
  28  2:52  Robotics Facility  
  30  2:58  Sentry  
  30  3:08  Pylon  
  30  3:12  Probe  
  31  3:26  Probe, Adept, Pylon  
  34  3:29  Immortal  
  34  3:41  Probe  
  39  3:53  Probe  
  40  3:55  Probe  
  40  3:59  Robotics Bay  
  41  4:03  Probe  
  41  4:05  Probe  
  43  4:15  Observer  
  43  4:17  Probe, Assimilator  
  43  4:18  Probe  
  43  4:21  Assimilator  
  46  4:27  Adept  
  46  4:29  Probe  
  49  4:34  Probe  
  50  4:40  Colossus  
  50  4:41  Probe  
  57  4:55  Probe x2  
  55  5:17  Probe  
  55  5:18  Extended Thermal Lance  
  56  5:21  Probe  
  57  5:28  Warp Prism  
  57  5:29  Gateway, Probe  
  57  5:30  Gateway, Pylon  
  57  5:33  Gateway  
  60  5:52  Probe  
  60  5:53  Sentry  
  60  5:54  Sentry  
  65  6:00  Colossus  
  65  6:08  Pylon  
  70  6:24  Pylon  
  70  6:28  Gateway, Stalker  
  70  6:29  Sentry  
  70  6:31  Stalker x2  
  78  6:46  Gateway  
  78  6:49  Sentry  
  78  6:52  Stalker x2  
  84  7:04  Pylon  
  88  7:25  Stalker  
  88  7:26  Stalker x2  
Show
View Real Time Build Order
Export as new Build Order

세토카이바 Zerg 

Build Orders: Pool First 

Get SALT Encoding   

  12  0:18  Spawning Pool  
  11  0:23  Drone  
  11  0:28  Drone  
  13  0:36  Overlord  
  13  0:41  Drone  
  14  1:05  Zergling x4  
  14  1:06  Zergling x2  
  17  1:17  Hatchery  
  17  1:25  Drone  
  17  1:32  Queen  
  17  1:36  Drone  
  20  1:44  Overlord  
  20  1:51  Drone  
  21  2:11  Drone  
  21  2:12  Drone  
  21  2:13  Extractor  
  21  2:22  Drone  
  22  2:23  Queen  
  24  2:32  Drone  
  24  2:33  Drone, Queen  
  28  2:44  Drone  
  29  3:00  Hatchery  
  29  3:04  Drone x2  
  30  3:09  Overlord  
  30  3:14  Drone  
  30  3:15  Drone  
  32  3:21  Pneumatized Carapace  
  32  3:24  Drone  
  33  3:27  Drone  
  34  3:38  Drone x4  
  38  3:42  Spore Crawler  
  38  3:46  Spore Crawler  
  36  3:49  Metabolic Boost  
  36  3:57  Overlord  
  36  4:02  Overlord  
  36  4:15  Drone  
  37  4:18  Drone x6, Extractor  
  42  4:24  Roach Warren  
  42  4:27  Drone  
  42  4:28  Drone  
  42  4:30  Drone  
  44  4:33  Drone  
  44  4:34  Drone  
  46  4:41  Extractor  
  46  4:42  Drone x3  
  46  4:44  Drone  
  49  4:47  Overlord  
  49  4:53  Drone  
  49  4:54  Drone x2  
  49  4:59  Overlord  
  52  5:00  Overlord  
  48  5:15  Drone  
  48  5:16  Drone x2  
  48  5:19  Drone  
  52  5:22  Drone x5  
  52  5:25  Overlord x2  
  57  5:30  Lair  
  57  5:37  Roach  
  57  5:38  Roach x2  
  63  5:46  Roach  
  63  5:47  Roach x3  
  71  5:52  Roach x2  
  75  6:00  Extractor  
  75  6:01  Drone x3  
  75  6:02  Drone  
  78  6:12  Overlord x2  
  78  6:13  Roach  
  78  6:14  Roach x4  
  78  6:15  Roach  
  90  6:25  Overlord x3  
  90  6:35  Roach x4  
  90  6:36  Roach x2  
  102  6:43  Drone  
  102  6:44  Drone x5  
  108  6:52  Overseer  
  108  6:53  Hydralisk Den  
  107  6:55  Drone x2  
  107  6:56  Evolution Chamber  
  107  6:57  Roach  
  107  6:58  Roach x2  
  116  7:08  Roach  
  116  7:09  Roach x3  
  124  7:15  Roach  
  124  7:16  Roach x2  
  124  7:20  Overlord x2  
Tags
 
Add a new tag
Caveats
  • Supply blocks, unpowered buildings, or Contaminate may cause inaccurate times.
  • Supply counts are checked every 10 seconds.